 Dungeon Crawl Stone Soup version 0.19.0-11-g3fc08b3 (webtiles) character file.

121 spe3d0 the Covered (level 5, 0/32 HPs)
             Began as a Gargoyle Fighter on Nov 9, 2016.
             Killed by nerve-wracking pain
             ... invoked by Grinder
              (5 damage)
             ... on level 3 of the Dungeon.
             The game lasted 00:03:38 (2099 turns).

spe3d0 the Covered (Gargoyle Fighter)               Turns: 2099, Time: 00:03:38

Health: 0/32       AC: 11    Str: 24    XL:     5   Next: 5%
Magic:  14/14      EV:  7    Int:  9    God:
Gold:   76         SH: 10    Dex: 14    Spells: 0 memorised, 4 levels left

rFire  . . .     SeeInvis .     a - +0 flail
rCold  . . .     Gourm    .     b - +0 scale mail
rNeg   + . .     Faith    .     c - +0 shield
rPois  ∞         Spirit   .     (no helmet)
rElec  +         Reflect  .     (no cloak)
rCorr  .         Harm     .     (no gloves)
MR     .....                    (no boots)
Stlth  ..........               (no amulet)
                                W - ring of magical power
                                X - +4 ring of dexterity

@: mighty
A: negative energy resistance 1, electricity resistance, unbreathing,
petrification resistance, rot immunity, AC +4
a: no special abilities


You were on level 3 of the Dungeon.
You were not hungry.

You visited 1 branch of the dungeon, and saw 3 of its levels.

You collected 76 gold pieces.


Innate Abilities, Weirdness & Mutations

You are resistant to torment.
Your stone body is resilient. (AC +4)
You are immune to poison.
You resist negative energy. (rN+)
You are resistant to electric shocks. (rElec)
You can survive without breathing.
You are immune to petrification.
You are immune to rotting.


   Skills:
 - Level 3.2 Fighting
 * Level 3.2 Maces & Flails
 * Level 4.5 Armour
 * Level 4.3 Shields


You had 4 spell levels left.
You didn't know any spells.

Inventory:

Hand Weapons
 a - a +0 flail (weapon)
Armour
 b - a +0 scale mail (worn)
 c - a +0 shield (worn)
Jewellery
 W - a ring of magical power (right hand)
 X - a +4 ring of dexterity (left hand)
Scrolls
 e - 2 scrolls of enchant weapon {unknown}
 g - a scroll of identify {unknown}
 h - a scroll of enchant armour {unknown}
 j - a scroll of random uselessness {unknown}
 m - a scroll of magic mapping {unknown}
 o - a scroll of recharging {unknown}
Potions
 k - a potion of cure mutation {unknown}
 l - a potion of agility {unknown}
 n - a potion of magic {unknown}
Comestibles
 f - a bread ration {@e1}
 i - 12 chunks of flesh

Dungeon Overview and Level Annotations

Branches:
Dungeon (3/15)

Altars:
Elyvilon
Nemelex Xobeh

Annotations:
D:3 Grinder

#................<.(...# #..
####.....)#.##.#......<...####.#
#..............................#
#..........................#####
####.........#..............####
######.....................#....#
...)...o##.......................
....##^o##....#5.................
....##.#...#####@.......#######..
....##...######...........# #.)
...........[..............## #..
....###########.............# #..
....# #..........#### #.. ....#
#..........# #.. #####
##........## #.. ##......## #..
######## ###


You could see Grinder.


Message History

Grinder blinks!
Things that are here:
a leather armour; a flail; an orc corpse Grinder gestures at you.
Pain shoots through your body!
* * * LOW HITPOINT WARNING * * *
You block Grinder's attack.
You barely miss Grinder.
Grinder is lightly wounded.
Grinder gestures at you.
You are unaffected.
Your shield prevents you from hitting Grinder.
Grinder is lightly wounded.
You block Grinder's attack. Grinder gestures at you.
You barely resist. You thump Grinder!
Grinder is moderately wounded.
You block Grinder's attack.
Your shield and scale mail prevent you from hitting Grinder.
Grinder is moderately wounded.
Grinder blinks!
Grinder blinks!
Grinder hits you.
* * * LOW HITPOINT WARNING * * *
You sock Grinder!
Grinder is heavily wounded.
Grinder gestures at you. Pain shoots through your body!
You die...

Skill      XL: |  1  2  3  4 |
---------------+-------------+-----
Armour         | 4 |  4.5
Shields        | 4 |  4.3
Maces & Flails | 3 |  3.2
Fighting       | |  3.2

Action                   |  1- 3 |  4- 6 || total
-------------------------+-------+-------++-------
Melee: Flail             |   103 |   125 ||   228
  Use: Potion            |       |     1 ||     1
  Eat: Chunk             |       |     4 ||     4
Armor: Scale mail        |    94 |    55 ||   149
Dodge: Dodged            |    57 |    30 ||    87
Block: Shield            |    87 |    68 ||   155

Vault maps used:
D:1:      dpeg_arrival_tiny_a
D:2:      overflow_temple_1_default, nemelex_xobeh_ov_fountains_minmay
D:3:      st_stairs_3, uniq_grinder

Notes
Turn   | Place    | Note
-------+----------+-------------------------------------------
     0 | D:1      | spe3d0 the Gargoyle Fighter began the quest for the Orb.
     0 | D:1      | Reached XP level 1. HP: 14/14 MP: 1/1
   406 | D:1      | Reached XP level 2. HP: 19/19 MP: 2/2
   853 | D:2      | Reached XP level 3. HP: 15/23 MP: 3/3
   857 | D:2      | Reached skill level 4 in Armour
  1130 | D:2      | Reached skill level 4 in Shields
  1130 | D:2      | Reached XP level 4. HP: 17/28 MP: 4/4
  1203 | D:2      | Found a sparkling altar of Nemelex Xobeh.
  1224 | D:2      | Found a white marble altar of Elyvilon.
  1585 | D:2      | Reached skill level 3 in Maces & Flails
  1960 | D:3      | Reached XP level 5. HP: 31/32 MP: 5/5
  2053 | D:3      | Noticed Grinder
  2099 | D:3      | Killed from afar by Grinder

Vanquished Creatures
  2 adders (D:2)
  4 gnolls (D:2)
  2 worms (D:2)
  5 leopard geckos
  3 orcs (D:3)
  6 bats
  A giant cockroach (D:2)
  8 goblins
  6 hobgoblins
  3 kobolds
  2 frilled lizards
  10 rats
52 creatures vanquished.
